Map: Lost and Found LE

Players

SpeCial - Winner!

  • Race: Terran Terran
  • Spawn Location: 7:00

Bly

  • Race: Zerg Zerg
  • Spawn Location: 1:00

Event: WCS Austin 2018

VOD

Have the link to the VOD?

Description

Time

  • Played on: June 2, 2018, 8:24 p.m.
  • Length: 19:14

All games in this series

Show
View Real Time Build Order
Export as new Build Order

SpeCial Terran - Winner!

Build Orders: Reaper Expand, Hellion Banshee 

Get SALT Encoding   

  12  0:00  SCV  
  13  0:12  SCV  
  14  0:17  Supply Depot  
  14  0:25  SCV  
  15  0:38  SCV  
  15  0:40  Barracks  
  16  0:43  Refinery  
  16  0:50  SCV  
  17  1:02  SCV  
  18  1:15  SCV  
  19  1:27  Orbital Command, Reaper  
  20  1:39  Command Center  
  20  1:50  Supply Depot  
  20  1:53  SCV  
  21  1:59  Marine  
  22  2:06  SCV  
  23  2:10  Factory  
  23  2:15  Refinery  
  23  2:18  SCV  
  23  2:21  Barracks Reactor  
  24  2:31  SCV  
  25  2:43  SCV  
  26  2:53  Orbital Command  
  26  2:55  Starport, SCV  
  27  3:07  Barracks Tech Lab, SCV  
  27  3:08  Hellion x2  
  32  3:19  SCV x2  
  34  3:29  Hellion x2  
  34  3:31  SCV x2  
  34  3:33  Supply Depot  
  40  3:37  Cloaking Field, Banshee  
  43  3:43  SCV x2  
  45  3:52  Hellion  
  45  3:55  Supply Depot, SCV x2, Hellion  
  50  4:07  SCV  
  51  4:13  Cyclone  
  57  4:17  Cyclone  
  57  4:19  Supply Depot, SCV x2  
  57  4:20  Barracks Tech Lab  
  59  4:28  Command Center  
  59  4:32  SCV x2  
  61  4:39  Supply Depot  
  61  4:41  Banshee  
  61  4:44  SCV x2  
  60  4:52  Bunker  
  60  4:56  SCV x2  
  58  5:01  Marine x2  
  58  5:02  Siege Tank  
  58  5:05  Supply Depot  
  61  5:08  SCV x2  
  61  5:12  Refinery  
  61  5:13  Refinery  
  63  5:19  Marine x2  
  63  5:20  SCV x2  
  67  5:34  Siege Tank  
  70  5:37  Marine x2  
  70  5:40  Banshee  
  73  5:47  SCV  
  74  5:54  Marine  
  74  5:55  Marine  
  74  5:56  Orbital Command  
  75  5:58  Supply Depot, SCV  
  75  5:59  Supply Depot, SCV  
  76  6:10  Siege Tank, SCV  
  80  6:11  SCV  
  80  6:12  Marine x2  
  80  6:15  Supply Depot  
  83  6:20  Supply Depot  
  83  6:21  Supply Depot  
  83  6:22  SCV  
  84  6:30  Marine x2  
  84  6:32  SCV x2  
  85  6:35  SCV  
  81  6:42  Refinery  
  81  6:43  Supply Depot  
  81  6:44  SCV  
  82  6:50  SCV x2  
  86  6:59  Orbital Command  
  81  7:03  Engineering Bay x2, Barracks  
  81  7:04  Barracks  
  81  7:05  Marine  
  81  7:06  Stimpack, Siege Tank  
  81  7:07  Starport Reactor  
  85  7:10  SCV x2  
  87  7:15  Starport Reactor  
  87  7:20  Barracks  
  87  7:22  SCV x2, Barracks  
  89  7:23  Refinery, Marine  
  89  7:25  SCV  
  89  7:27  Refinery  
  89  7:29  Supply Depot x2  
  91  7:34  SCV x2  
  93  7:37  Terran Infantry Weapons Level 1, Terran Infantry Armor Level 1, SCV  
  93  7:38  Siege Tank  
  93  7:40  Missile Turret  
  93  7:41  Marine  
  98  7:46  SCV x2  
  98  7:49  SCV  
  101  7:52  Supply Depot  
  100  7:58  SCV x2  
  100  7:59  Missile Turret  
  100  8:00  Starport Reactor  
  100  8:01  SCV  
  100  8:02  Marine x5  
  108  8:10  SCV  
  108  8:11  Barracks Tech Lab, SCV  
  108  8:12  Barracks Reactor  
  110  8:13  Siege Tank, SCV  
  114  8:20  Marine x3  
  114  8:23  SCV x2  
  114  8:25  Supply Depot, SCV  
  120  8:27  Marine  
  120  8:28  Marine  
  120  8:29  Supply Depot  
  120  8:33  Combat Shield, Marine  
  123  8:35  SCV x2  
  123  8:37  Marine x2, Medivac x2  
  123  8:38  Marine  
  133  8:42  Supply Depot  
  133  8:44  Command Center  
  133  8:45  Marine  
  133  8:46  Marauder  
  134  8:50  Supply Depot, Factory  
  134  8:51  Marine  
  134  8:52  Marine x2  
  134  8:54  Siege Tank  
  134  8:55  Marine x2  
  140  8:59  Armory, Marine  
  143  9:03  Marine  
  143  9:06  Sensor Tower  
  143  9:07  Marine  
  143  9:08  Marine  
  143  9:09  Marine  
  146  9:12  Marine  
  146  9:13  Marine  
  146  9:20  Medivac x2  
  146  9:22  Marine x2  
  149  9:26  Siege Tank  
  149  9:28  Marauder, Marine x3  
  149  9:30  Marine  
  149  9:31  Marine  
  156  9:40  Factory Tech Lab  
  156  9:44  Barracks x2  
  156  9:45  Marine x4  
  158  9:46  Marauder  
  158  9:47  Marine  
  158  9:48  Barracks  
  158  9:49  Marine x2  
  158  9:50  Medivac x2  
  158  9:52  Terran Infantry Weapons Level 2  
  169  9:56  Terran Infantry Armor Level 2  
  169  9:58  Supply Depot, Terran Vehicle Weapons Level 1  
  169  9:59  Siege Tank  
  172  10:03  Marine x2  
  174  10:07  Marauder  
  172  10:15  Marine  
  172  10:16  Marauder  
  172  10:18  Marine  
  172  10:19  Marine x2  
  172  10:22  Marine  
  172  10:24  Medivac x2  
  172  10:27  Planetary Fortress, SCV  
  172  10:28  SCV x2  
  180  10:29  Marauder  
  180  10:31  Barracks Tech Lab x2  
  179  10:36  Siege Tank  
  179  10:37  Marauder  
  179  10:38  Marine x2  
  181  10:50  Marauder  
  183  10:57  Barracks Tech Lab  
  183  10:58  Marauder x2, Marine x4  
  183  10:59  Siege Tank, Marine x2  
  183  11:00  Marauder  
  198  11:11  Marauder  
  198  11:14  Siege Tank  
  198  11:15  Marine  
  198  11:16  Marauder, Marine x3  
  198  11:17  Marine x2  
  199  11:22  Marine  
  200  11:27  Ghost Academy  
  200  11:28  Concussive Shells  
  200  11:31  Siege Tank  
  200  11:32  Marine  
  193  11:33  Marine x2  
  193  11:34  Marine  
  193  11:35  Marauder, Marine  
  193  11:36  Starport, Refinery  
  193  11:37  Refinery  
  193  11:38  Command Center  
  200  11:45  Fusion Core  
  193  11:50  Marauder x3, Marine  
  200  11:54  Unknown  
  200  11:55  Unknown x2  
  200  12:13  Personal Cloaking  
  198  12:15  Starport Reactor  
  192  12:35  Viking x2  
  194  12:39  Marine  
  194  12:40  Marine x5  
  172  12:44  Marine x3  
  172  12:45  Marauder  
  172  12:47  Marine  
  167  12:57  Marine x3  
  167  12:58  Marine  
  169  13:02  Viking x2, Ghost x2  
  169  13:05  Viking x2  
  178  13:09  Ghost x3  
  184  13:12  Terran Infantry Weapons Level 3  
  184  13:14  Command Center  
  184  13:16  Starport  
  184  13:22  Planetary Fortress  
  184  13:24  Refinery x2  
  184  13:26  Missile Turret  
  184  13:32  Terran Infantry Armor Level 3  
  184  13:33  Missile Turret  
  184  13:36  Viking  
  184  13:40  Medivac  
  183  13:48  Terran Ship Weapons Level 1  
  183  13:57  Viking x2  
  183  13:58  Starport Tech Lab  
  187  14:09  Viking  
  188  14:10  Ghost x3  
  188  14:11  Marine x4  
  188  14:12  Marine  
  188  14:14  Marine  
  200  14:17  Advanced Ballistics  
  195  14:36  Supply Depot  
  182  14:39  Viking x2  
  186  14:47  Viking  
  186  14:48  Viking x2  
  186  14:49  Ghost x2  
  186  14:50  Ghost x2  
  200  14:58  Ghost Academy  
  200  15:00  Nuke  
  200  15:03  Ghost Academy  
  200  15:10  Orbital Command  
  200  15:11  Command Center  
  200  15:13  Unknown  
  200  15:14  Unknown x3, Command Center  
  200  15:15  Unknown x3  
  187  15:35  Marine x10  
  179  15:36  Marauder  
  178  15:49  Neosteel Frame  
  152  15:53  Marine x6  
  152  15:54  Marauder x4  
  162  15:57  Marine  
  161  16:04  Siege Tank  
  161  16:10  Marine  
  161  16:11  Marine x5  
  164  16:15  Marauder x3  
  166  16:18  Marine  
  166  16:19  Marauder  
  166  16:24  Liberator x2  
  166  16:25  Siege Tank  
  172  16:28  Marine  
  172  16:31  Orbital Command, Marine  
  174  16:36  Marauder, Siege Tank  
  185  16:48  Marine  
  185  16:49  Marauder x2, Marine  
  191  16:54  Marauder  
  191  16:59  Ghost x2  
  197  17:02  Liberator x3  
  197  17:09  Nuke x2, Ghost  
  189  17:21  Corvid Reactor, Liberator  
  198  17:25  Planetary Fortress  
  196  17:30  Nuke  
  199  17:50  Liberator x2  
  199  17:55  Liberator x2  
  199  18:04  Liberator  
  151  18:06  Marauder, Marine x2  
  151  18:09  Missile Turret  
  151  18:10  Marine x3  
  151  18:11  Marauder  
  147  18:14  Marauder, Marine x2  
  147  18:16  Marauder  
  148  18:24  Marine x2  
  153  18:27  Nuke x2  
  153  18:28  Marauder, Marine x2  
  153  18:32  Marauder, Marine  
  158  18:37  Marauder, Marine  
  157  18:42  Marauder, Marine x3  
  157  18:46  Marine x2  
  162  18:49  Marauder  
Show
View Real Time Build Order
Export as new Build Order

Bly Zerg 

Build Orders: Hatch First, Brood Lord Corruptor, Roach Nydus 

Get SALT Encoding   

  12  0:01  Drone  
  13  0:12  Overlord  
  13  0:17  Drone  
  14  0:30  Drone  
  14  0:31  Drone  
  14  0:35  Drone  
  17  0:51  Hatchery  
  17  0:56  Drone  
  17  0:59  Drone  
  17  1:03  Extractor  
  17  1:15  Spawning Pool  
  16  1:20  Drone x2  
  18  1:30  Overlord  
  18  1:38  Drone  
  19  1:51  Drone  
  20  2:02  Queen  
  20  2:03  Zergling x4, Queen  
  26  2:10  Metabolic Boost, Drone  
  26  2:15  Drone  
  28  2:30  Hatchery  
  28  2:36  Drone x2  
  28  2:39  Drone x2  
  30  2:48  Queen  
  32  2:54  Overlord  
  32  3:01  Drone x3  
  34  3:11  Overlord  
  34  3:17  Drone x4  
  38  3:21  Drone  
  38  3:23  Drone  
  38  3:24  Queen  
  42  3:31  Zergling x2  
  43  3:35  Lair  
  43  3:38  Zergling x2  
  44  3:43  Zergling x4  
  44  3:45  Extractor  
  44  3:47  Roach Warren  
  44  3:57  Drone x3  
  44  3:58  Drone x4  
  44  4:00  Drone x2  
  53  4:03  Overlord  
  53  4:06  Zergling x2  
  53  4:12  Zergling x2  
  53  4:20  Extractor, Drone x2  
  54  4:28  Drone x3  
  54  4:31  Spore Crawler  
  56  4:32  Overseer  
  56  4:35  Nydus Network  
  55  4:57  Roach x5  
  64  5:04  Overseer  
  64  5:05  Overlord x2, Zergling x2  
  64  5:06  Zergling x2  
  66  5:09  Overlord  
  66  5:11  Spore Crawler  
  66  5:12  Spore Crawler  
  64  5:14  Nydus Canal  
  64  5:17  Queen  
  66  5:22  Queen  
  66  5:27  Roach x2  
  71  5:39  Zergling x16  
  71  5:40  Queen  
  77  5:49  Evolution Chamber  
  76  5:50  Glial Reconstitution  
  76  5:51  Infestation Pit  
  76  5:53  Queen  
  78  6:04  Drone x3  
  78  6:07  Ravager x2  
  78  6:08  Ravager  
  78  6:09  Drone x4  
  87  6:11  Extractor  
  87  6:13  Queen  
  87  6:15  Drone  
  89  6:19  Ravager  
  89  6:24  Queen  
  78  6:34  Drone x7  
  78  6:36  Overseer  
  81  6:43  Drone x3  
  82  6:50  Drone x5  
  82  6:52  Extractor  
  82  6:53  Extractor  
  85  6:58  Overlord  
  85  7:04  Zerg Ground Armor Level 1  
  85  7:05  Hive  
  85  7:09  Hatchery  
  84  7:16  Overlord x3  
  84  7:17  Overlord  
  84  7:21  Roach  
  84  7:22  Roach x2  
  90  7:33  Overlord x3  
  90  7:43  Drone x3  
  93  7:44  Spire  
  93  7:45  Infestor x2  
  96  7:55  Drone x6  
  100  8:00  Drone x2  
  100  8:01  Drone  
  100  8:03  Drone x5  
  108  8:11  Roach x5  
  116  8:16  Overseer  
  116  8:27  Extractor  
  116  8:29  Roach  
  116  8:30  Extractor, Ultralisk Cavern, Roach x4  
  123  8:36  Drone x4  
  123  8:39  Spine Crawler  
  123  8:40  Spine Crawler  
  125  8:45  Drone x3  
  125  8:46  Drone x3  
  131  8:57  Hatchery  
  131  8:59  Greater Spire, Zerg Ground Armor Level 2  
  130  9:08  Evolution Chamber  
  127  9:21  Overlord  
  127  9:22  Overlord x3  
  127  9:30  Overlord  
  127  9:35  Ultralisk x2  
  127  9:36  Overlord  
  127  9:38  Ravager  
  136  9:39  Overlord  
  136  9:40  Overlord x4  
  136  9:41  Zerg Melee Weapons Level 1  
  136  9:47  Overlord  
  136  9:48  Ultralisk  
  136  9:49  Chitinous Plating  
  142  9:53  Ultralisk  
  148  10:05  Infestor x3  
  146  10:26  Zergling x24, Ultralisk x2  
  152  10:47  Drone x3  
  152  10:48  Drone  
  151  10:50  Corruptor x5  
  151  10:52  Overlord  
  161  10:57  Queen x3  
  161  10:59  Drone  
  168  11:08  Overlord  
  168  11:11  Zerg Flyer Armor Level 1  
  168  11:21  Corruptor x5  
  178  11:27  Drone x4  
  178  11:28  Drone  
  183  11:33  Extractor  
  183  11:35  Extractor  
  183  11:37  Overlord, Drone  
  183  11:39  Overlord  
  182  11:43  Adrenal Glands, Zerg Melee Weapons Level 2  
  182  12:01  Brood Lord x3  
  185  12:18  Brood Lord x3  
  181  12:31  Zergling x2  
  181  12:32  Zergling x32  
  188  12:50  Hatchery  
  189  13:05  Brood Lord x2  
  189  13:06  Brood Lord x2  
  189  13:10  Zerg Ground Armor Level 3  
  195  13:22  Hatchery  
  195  13:24  Infestor  
  195  13:25  Zergling x8  
  200  13:47  Zerg Flyer Armor Level 2  
  198  13:54  Baneling Nest  
  197  14:09  Drone x2  
  199  14:12  Spore Crawler  
  199  14:14  Extractor, Overseer  
  199  14:15  Overseer x2  
  162  14:40  Zergling x8, Ultralisk x4  
  162  14:41  Zergling x8  
  194  14:47  Corruptor x2  
  198  15:01  Baneling  
  198  15:02  Baneling x8  
  198  15:03  Centrifical Hooks  
  198  15:05  Zergling x2  
  166  15:38  Zergling x4  
  166  15:39  Zergling x20  
  135  15:53  Queen x2  
  127  15:58  Zergling x8  
  127  16:01  Drone x6  
  127  16:02  Drone  
  127  16:04  Extractor  
  135  16:16  Overseer x2  
  135  16:17  Overseer  
  113  16:19  Corruptor x5  
  113  16:24  Baneling x6  
  123  16:28  Queen  
  123  16:31  Extractor  
  126  16:42  Zergling x20  
  135  16:52  Zergling x2  
  135  16:53  Zergling x8  
  121  17:05  Baneling x5  
  121  17:07  Ultralisk x3  
  139  17:14  Drone x5  
  143  17:21  Baneling x5  
  142  17:31  Drone  
  143  17:41  Drone x3  
  146  17:46  Hatchery  
  146  17:47  Overseer x3  
  146  17:49  Infestor x2  
  116  18:11  Ultralisk  
  82  18:22  Ultralisk  
  82  18:23  Infestor  
  89  18:41  Corruptor x6  
Tags
 
Add a new tag
Caveats
  • Supply blocks, unpowered buildings, or Contaminate may cause inaccurate times.
  • Supply counts are checked every 10 seconds.